[Event "Titled Tuesday Blitz June 27 Early 2023"]
[White "Matinian, Nikita"]
[Black "Petrova, Irina"]
[WhiteFideId "24129100"]
[BlackFideId "14124122"]
[WhiteElo "2715"]
[BlackElo "2406"]
[Result "1-0"]
[Round "2"]
[TimeControl "180+2"]
[Date "2023.06.27"]
[WhiteClock "0:00:11"]
[BlackClock "0:00:00"]
[Board "98"]

1. e4 e5 2. Nf3 Nc6 3. Bb5 a6 4. Ba4 Nf6 5. O-O Be7 6. d3 b5 7. Bb3 O-O 8. Nc3 d6 9. a3 h6 10. Nd5 Nxd5 11. Bxd5 Bd7 12. c3 Rb8 13. d4 Bf6 14. Be3 Ne7 15. Ba2 Ng6 16. dxe5 dxe5 17. Bc5 Re8 18. Qe2 Be6 19. Bxe6 Rxe6 20. Rad1 Qc8 21. g3 Re8 22. Ne1 Qh3 23. Nc2 h5 24. f3 h4 25. Qg2 Qe6 26. Nb4 a5 27. Nd5 Qc6 28. b4 axb4 29. axb4 Ra8 30. Rd2 Bg5 31. f4 Bh6 32. Rdf2 hxg3 33. hxg3 f6 34. f5 Nf8 35. Qf3 Qd7 36. Qg4 Qf7 37. Bxf8 Kxf8 38. Kg2 c6 39. Nxf6 Qxf6 40. Qf3 Red8 41. Rh1 Ra3 42. Rh5 Rda8 43. g4 Ra2 44. g5 Rxf2+ 45. Kxf2 Qd6 46. gxh6 Qd2+ 47. Kg3 Qe1+ 48. Kg4 Qg1+ 49. Qg3 Qd1+ 50. Kg5 Qd2+ 51. Kg6 Qd6+ 52. Kh7 Qe7 53. Qxg7+ Qxg7+ 54. hxg7+ Kf7 55. Rh6 Rc8 56. Rxc6 1-0


[Site "https://www.chess.com"]

[Event "Titled Tuesday Blitz June 27 Early 2023"]
[White "Manukian, Artak"]
[Black "Fromm, Marius"]
[WhiteFideId "13301373"]
[BlackFideId "12993190"]
[WhiteElo "2397"]
[BlackElo "2714"]
[Result "1-0"]
[Round "2"]
[TimeControl "180+2"]
[Date "2023.06.27"]
[WhiteClock "0:00:39"]
[BlackClock "0:00:06"]
[Board "99"]

1. e4 c5 2. Nf3 e6 3. c3 d5 4. e5 Nc6 5. d4 Qb6 6. a3 c4 7. Nbd2 Na5 8. g3 Bd7 9. Bh3 Ne7 10. O-O Qc7 11. Re1 Nc8 12. Nf1 Nb6 13. Bf4 h6 14. Bg2 Be7 15. h4 Bb5 16. N1h2 Ba4 17. Qe2 O-O-O 18. h5 g5 19. hxg6 fxg6 20. Bh3 Qd7 21. Ng4 g5 22. Be3 Kb8 23. Nf6 Qc6 24. Nh2 Rdf8 25. Nh5 Rhg8 26. Ng4 Rg6 27. Ngf6 Nd7 28. Nxd7+ Qxd7 29. Kh2 Qe8 30. Nf6 Bxf6 31. exf6 Rgxf6 32. f4 Bd7 33. fxg5 hxg5 34. Rf1 Qg6 35. Rxf6 Rxf6 36. Rf1 Rxf1 37. Qxf1 Qg7 38. Qf3 Nc6 39. Qh5 e5 40. Bxd7 Qxd7 41. Qxg5 exd4 42. Bxd4 Nxd4 43. cxd4 a6 44. g4 Qb5 45. Qd2 Qb3 46. g5 Qf3 47. Qg2 Qh5+ 48. Kg1 Qd1+ 49. Kh2 Qxd4 50. g6 Qe5+ 51. Qg3 1-0


[Site "https://www.chess.com"]

[Event "Titled Tuesday Blitz June 27 Early 2023"]
[White "Ajay Karthikeyan"]
[Black "Hoffmann, Asa"]
[WhiteFideId "35011685"]
[BlackFideId "2001470"]
[WhiteElo "2713"]
[BlackElo "2395"]
[Result "0-1"]
[Round "2"]
[TimeControl "180+2"]
[Date "2023.06.27"]
[WhiteClock "0:00:34"]
[BlackClock "0:00:39"]
[Board "100"]

1. Nf3 d6 2. c4 e5 3. Nc3 Nf6 4. d3 Be7 5. g3 c6 6. Bg2 O-O 7. O-O h6 8. Rb1 Be6 9. b4 Qd7 10. Re1 Na6 11. Ba3 b5 12. Nd2 Rab8 13. Qc2 d5 14. c5 Nc7 15. Nf3 Bh3 16. Nxe5 Qe6 17. d4 Bxg2 18. Kxg2 Ra8 19. f4 Nfe8 20. f5 Qc8 21. Nxc6 Bf6 22. e4 dxe4 23. Nxe4 Nd5 24. Nxf6+ Nexf6 25. Ne5 a5 26. bxa5 Rxa5 27. Bb4 Ra4 28. a3 Qa8 29. c6 Rc8 30. Kh3 Nh7 31. Qb3 Ng5+ 32. Kg2 Rxc6 33. Nxc6 Qxc6 34. Rbc1 Ne3+ 35. Kf2 Qf3+ 36. Kg1 Qg2# 0-1


[Site "https://www.chess.com"]

[Event "Titled Tuesday Blitz June 27 Early 2023"]
[White "Dishman, Stephen"]
[Black "Volkov, Maksim"]
[WhiteFideId "403024"]
[BlackFideId "54123070"]
[WhiteElo "2351"]
[BlackElo "2712"]
[Result "1-0"]
[Round "2"]
[TimeControl "180+2"]
[Date "2023.06.27"]
[WhiteClock "0:01:51"]
[BlackClock "0:01:17"]
[Board "101"]

1. c4 e6 2. g3 d5 3. Nf3 Nf6 4. d4 dxc4 5. Bg2 c6 6. O-O b5 7. Ne5 Bb7 8. b3 cxb3 9. Qxb3 Qxd4 10. Bb2 Qb6 11. a4 bxa4 12. Qc2 Nbd7 13. Nd2 Nxe5 14. Bxe5 Qc5 15. Qb2 Qb4 16. Bxf6 gxf6 17. Qxf6 Rg8 18. Rab1 Qxd2 19. Rxb7 1-0


[Site "https://www.chess.com"]

[Event "Titled Tuesday Blitz June 27 Early 2023"]
[White "Romero Ruscalleda, Josep"]
[Black "Gedajlovic, Max"]
[WhiteFideId "2231859"]
[BlackFideId "2616840"]
[WhiteElo "2349"]
[BlackElo "2711"]
[Result "1/2-1/2"]
[Round "2"]
[TimeControl "180+2"]
[Date "2023.06.27"]
[WhiteClock "0:00:29"]
[BlackClock "0:00:26"]
[Board "102"]

1. e4 e5 2. Nf3 Nc6 3. Bc4 Nf6 4. d4 exd4 5. e5 d5 6. Bb5 Nd7 7. O-O Be7 8. Re1 O-O 9. Bf4 Nc5 10. Nxd4 Nxd4 11. Qxd4 Ne6 12. Qd2 c6 13. Bd3 Nxf4 14. Qxf4 Be6 15. Nc3 Qb6 16. Rab1 Qb4 17. Qg3 Qh4 18. Ne2 Qxg3 19. hxg3 c5 20. Nf4 c4 21. Bf1 b5 22. c3 a5 23. Rbd1 Rad8 24. b3 cxb3 25. axb3 a4 26. Bxb5 axb3 27. Rb1 d4 28. Nxe6 fxe6 29. cxd4 Rxd4 30. Rxb3 Rd2 31. Re2 Rxe2 32. Bxe2 Bc5 33. Rf3 Rc8 34. Kh2 Bd4 35. Rf4 Bxe5 36. Re4 Bf6 37. Rxe6 Kf7 38. Re4 Rc2 39. f3 g6 40. g4 Rc5 41. Kg3 g5 42. Bc4+ Kg7 43. Kf2 Ra5 44. g3 Ra3 45. Re2 Bd4+ 46. Kg2 Bf6 47. Rd2 Ra7 48. Be6 Kf8 49. Bf5 h6 50. f4 Kg7 51. Rd7+ Rxd7 52. Bxd7 Be7 53. Kf3 Bd6 54. Ke4 Bc7 55. Kf5 Bb8 56. Be8 Bc7 57. Bh5 Bb8 58. fxg5 hxg5 59. Kxg5 Bxg3 60. Kf5 Bh4 61. Be8 Bd8 62. Bb5 Be7 63. Bc4 Bd8 64. Ke6 Bg5 65. Bd3 Bh4 1/2-1/2


[Site "https://www.chess.com"]

[Event "Titled Tuesday Blitz June 27 Early 2023"]
[White "Nouri, Alekhine"]
[Black "Silvestre, Christian"]
[WhiteFideId "5216184"]
[BlackFideId "30956269"]
[WhiteElo "2709"]
[BlackElo "2324"]
[Result "1-0"]
[Round "2"]
[TimeControl "180+2"]
[Date "2023.06.27"]
[WhiteClock "0:00:11"]
[BlackClock "0:00:00"]
[Board "103"]

1. e4 c6 2. d4 d5 3. exd5 cxd5 4. Bd3 Qc7 5. Ne2 Bg4 6. f3 Bh5 7. Bf4 Qb6 8. Nbc3 e6 9. O-O Bd6 10. Kh1 Bg6 11. Bb5+ Nd7 12. Bxd7+ Kxd7 13. Bxd6 Qxd6 14. Qd2 Ne7 15. Nf4 Rac8 16. Rae1 a6 17. a3 Kc7 18. Na4 Kb8 19. Nc5 Ka7 20. c3 b6 21. Ncd3 Bxd3 22. Nxd3 Ng6 23. f4 Ne7 24. Ne5 Rhf8 25. Qe2 g6 26. Qg4 h5 27. Qh4 Nf5 28. Qf6 Qe7 29. Qxe7+ Nxe7 30. g3 Nc6 31. Nd3 Na5 32. Kg2 Nc4 33. Re2 a5 34. h3 Rh8 35. Ne5 Rc7 36. g4 hxg4 37. hxg4 Ka6 38. Kg3 Nxe5 39. fxe5 Rh7 40. Rh2 Rxh2 41. Kxh2 Kb5 42. Rf2 Kc4 43. Kg3 b5 44. Kh4 b4 45. axb4 axb4 46. Rf3 Kb3 47. cxb4+ Kxb4 48. b3 Ka3 49. Kg5 Kb2 50. b4 Kc2 51. b5 Kd2 52. b6 Rb7 53. Kh6 Ke2 54. Rb3 Kf2 55. Kg7 Kg2 56. g5 f5+ 57. Kxg6 f4 58. Kf6 f3 59. g6 f2 60. Rb2 Rxb6 61. Rxb6 f1=Q+ 62. Kxe6 Qf3 63. Rd6 Qg4+ 64. Kxd5 Qf3+ 65. Ke6 Qg4+ 66. Kf7 Qf5+ 67. Kg7 Qc8 68. Rf6 Qc7+ 69. Rf7 Qc4 70. Rf4 Qc7+ 71. Kh6 Qd8 72. g7 1-0


[Site "https://www.chess.com"]

[Event "Titled Tuesday Blitz June 27 Early 2023"]
[White "Osinovsky, Stepan"]
[Black "Hambleton, Aman"]
[WhiteFideId "4157354"]
[BlackFideId "2606577"]
[WhiteElo "2323"]
[BlackElo "2706"]
[Result "0-1"]
[Round "2"]
[TimeControl "180+2"]
[Date "2023.06.27"]
[WhiteClock "0:00:10"]
[BlackClock "0:00:04"]
[Board "104"]

1. Nf3 d5 2. g3 c6 3. Bg2 Bf5 4. O-O h6 5. d3 e6 6. b3 Nf6 7. Bb2 Be7 8. Nbd2 O-O 9. c4 a5 10. a3 Bd6 11. Qc2 Bh7 12. Ne5 Nbd7 13. Ndf3 Nxe5 14. Nxe5 Nd7 15. f4 Nxe5 16. fxe5 Bc5+ 17. Kh1 d4 18. Qd2 Qe7 19. Rf4 Rad8 20. Qxa5 g5 21. Rf6 Ra8 22. Qd2 Bxa3 23. Bxd4 Bb4 24. Qc1 Rxa1 25. Bxa1 Kg7 26. h4 Bg6 27. hxg5 Rh8 28. Kg1 Qc5+ 29. d4 Qa5 30. gxh6+ Rxh6 31. Rf1 Bd2 32. b4 Qxb4 33. Qc2 Be3+ 34. Rf2 Qe1+ 0-1


[Site "https://www.chess.com"]

[Event "Titled Tuesday Blitz June 27 Early 2023"]
[White "Spichkin, Alexander"]
[Black "De Silva, L M S T"]
[WhiteFideId "4144074"]
[BlackFideId "9953698"]
[WhiteElo "2319"]
[BlackElo "2704"]
[Result "0-1"]
[Round "2"]
[TimeControl "180+2"]
[Date "2023.06.27"]
[WhiteClock "0:00:22"]
[BlackClock "0:00:48"]
[Board "105"]

1. f4 d5 2. Nf3 c5 3. e3 Nc6 4. Bb5 Bd7 5. O-O Nf6 6. b3 Qc7 7. Bb2 e6 8. Bxc6 Bxc6 9. Ne5 Be7 10. d3 O-O 11. Rf3 Be8 12. Rg3 Rd8 13. Nd2 d4 14. e4 Nd7 15. Qg4 g6 16. Nef3 f5 17. Qh3 fxe4 18. Nxe4 Rf5 19. Neg5 Nf8 20. Re1 Qxf4 21. Nxe6 Nxe6 22. Rxe6 Rf7 23. Re4 Qc7 24. Ne5 Bd7 25. Qh6 Bf8 26. Qg5 Rf5 27. Qh4 Rxe5 28. Rxe5 Qxe5 29. Rf3 Be7 30. Qf2 Rf8 31. Bc1 Rxf3 32. gxf3 Bc6 33. Kg2 Bg5 34. Bxg5 Qxg5+ 35. Kf1 Qf4 36. Ke2 g5 37. h3 Qc1 38. Qg3 Qxc2+ 39. Ke1 Qc1+ 40. Ke2 Qe3+ 41. Kd1 Qxf3+ 0-1


[Site "https://www.chess.com"]

[Event "Titled Tuesday Blitz June 27 Early 2023"]
[White "Antonio, Jorge Carlos"]
[Black "Klekowski, Maciej"]
[WhiteFideId "113190"]
[BlackFideId "1132717"]
[WhiteElo "2292"]
[BlackElo "2704"]
[Result "0-1"]
[Round "2"]
[TimeControl "180+2"]
[Date "2023.06.27"]
[WhiteClock "0:00:34"]
[BlackClock "0:01:14"]
[Board "106"]

1. d4 Nf6 2. Nf3 d6 3. c4 g6 4. Nc3 Bg7 5. e4 Nfd7 6. Be2 e5 7. Be3 Nc6 8. d5 Ne7 9. O-O O-O 10. Rc1 h6 11. b4 f5 12. c5 f4 13. cxd6 cxd6 14. Bd2 a6 15. a4 Nf6 16. Qc2 Bd7 17. b5 g5 18. Na2 axb5 19. Bxb5 Bxb5 20. axb5 Nxe4 21. Qxe4 Rxa2 22. Bb4 Nf5 23. Qb1 Ra8 24. Nd2 Nd4 25. Rfe1 f3 26. g3 Ne2+ 27. Rxe2 fxe2 28. Ne4 Qd7 29. Bxd6 Rfc8 30. Re1 Qg4 31. Qd3 Ra4 32. f3 Qd7 33. Rxe2 Rxe4 34. fxe4 Qxd6 35. Rc2 Rxc2 36. Qxc2 Bf8 37. Qc8 Qc5+ 38. Kg2 Qxc8 0-1


[Site "https://www.chess.com"]

[Event "Titled Tuesday Blitz June 27 Early 2023"]
[White "Darini, Pouria"]
[Black "Georg, Heinz"]
[WhiteFideId "12502200"]
[BlackFideId "4607295"]
[WhiteElo "2703"]
[BlackElo "2292"]
[Result "1-0"]
[Round "2"]
[TimeControl "180+2"]
[Date "2023.06.27"]
[WhiteClock "0:00:12"]
[BlackClock "0:00:22"]
[Board "107"]

1. e4 e5 2. Nf3 Nc6 3. Bb5 f5 4. d3 Nf6 5. O-O d6 6. exf5 Bxf5 7. d4 exd4 8. Nxd4 Bd7 9. Nc3 Be7 10. Bc4 Ne5 11. Ne6 Qc8 12. Nxg7+ Kf8 13. Bh6 Nxc4 14. Nd5 Bg4 15. f3 Bd7 16. Nf5+ Kf7 17. Nfxe7 Qd8 18. Re1 Bc6 19. Nxf6 Kxf6 20. Qd4+ Ne5 21. Nxc6 bxc6 22. f4 Kg6 23. Bg5 Qf8 24. Bh4 Nd7 25. Re6+ Nf6 26. Rxf6+ Kh5 27. Qd1+ Kxh4 28. Qe1+ Kh5 29. Qe2+ Kh4 30. Qf2+ Kh5 31. Qf3+ Kh4 32. Qh3# 1-0


[Site "https://www.chess.com"]

[Event "Titled Tuesday Blitz June 27 Early 2023"]
[White "Khoroshev, Nikita"]
[Black "Rosh Jain"]
[WhiteFideId "14200287"]
[BlackFideId "25789465"]
[WhiteElo "2703"]
[BlackElo "2274"]
[Result "0-1"]
[Round "2"]
[TimeControl "180+2"]
[Date "2023.06.27"]
[WhiteClock "0:00:00"]
[BlackClock "0:00:16"]
[Board "108"]

1. Nf3 d5 2. g3 e6 3. Bg2 Bd6 4. b3 Nf6 5. Bb2 O-O 6. O-O Nbd7 7. c4 c6 8. d4 Ne4 9. Ne1 f5 10. Nd3 Qg5 11. Bc1 Qh5 12. Bf4 Be7 13. f3 Bf6 14. e3 Ng5 15. g4 fxg4 16. fxg4 Qg6 17. h4 Ne4 18. g5 Be7 19. Qc2 Qh5 20. Bxe4 dxe4 21. Nf2 Qxh4 22. Nxe4 e5 23. Bg3 Rxf1+ 24. Kxf1 Qh1+ 25. Kf2 exd4 26. exd4 Nb6 27. Qe2 Bh3 28. Nf6+ Bxf6 29. gxf6 Qg2+ 30. Ke1 Qxg3+ 31. Kd2 Qf4+ 32. Kc3 Qxf6 33. Nd2 c5 34. Qe5 cxd4+ 35. Qxd4 Qxd4+ 36. Kxd4 Rd8+ 37. Ke3 Bf5 38. Nf3 Rd3+ 39. Kf4 g6 40. Re1 Rd8 41. Re7 Rd7 42. Re8+ Kg7 43. Ne5 Rc7 44. Ke3 g5 45. Kd4 h5 46. c5 Nd7 47. Re7+ Kf6 0-1


[Site "https://www.chess.com"]

[Event "Titled Tuesday Blitz June 27 Early 2023"]
[White "Preotu, Razvan"]
[Black "SicilianPanzer"]
[WhiteFideId "2613280"]
[WhiteElo "2697"]
[BlackElo "2247"]
[Result "1-0"]
[Round "2"]
[TimeControl "180+2"]
[Date "2023.06.27"]
[WhiteClock "0:00:10"]
[BlackClock "0:00:00"]
[Board "109"]

1. e4 e6 2. d4 d5 3. Nc3 Bb4 4. e5 Ne7 5. a3 Bxc3+ 6. bxc3 b6 7. h4 Ba6 8. Bxa6 Nxa6 9. Qg4 Nf5 10. h5 h6 11. Ne2 c5 12. Ng3 Nxg3 13. fxg3 Qd7 14. a4 O-O-O 15. O-O Rdg8 16. c4 dxc4 17. dxc5 Nxc5 18. Be3 Qd5 19. Rxf7 Qxe5 20. Bd4 Qe4 21. Qxe4 Nxe4 22. Rxa7 Nxg3 23. Bxb6 Nxh5 24. Rc7+ Kb8 25. Rb1 Rc8 26. Rf7 Rc6 27. a5 Ka8 28. Ra7+ Kb8 29. Be3+ 1-0


[Site "https://www.chess.com"]

[Event "Titled Tuesday Blitz June 27 Early 2023"]
[White "Goryachkina, Aleksandra"]
[Black "Philippe, Guillaume"]
[WhiteFideId "4147103"]
[BlackFideId "36048763"]
[WhiteElo "2690"]
[BlackElo "2210"]
[Result "1-0"]
[Round "2"]
[TimeControl "180+2"]
[Date "2023.06.27"]
[WhiteClock "0:00:07"]
[BlackClock "0:00:01"]
[Board "110"]

1. e4 c5 2. Nf3 Nc6 3. Bb5 e6 4. Bxc6 bxc6 5. d3 Ne7 6. Nbd2 Ng6 7. h4 h5 8. e5 d5 9. exd6 Bxd6 10. Nc4 Bc7 11. Be3 Qe7 12. Qd2 Ba6 13. O-O-O O-O 14. g3 Rab8 15. Qc3 Rfd8 16. Rhe1 e5 17. Qa3 Bb5 18. Bxc5 Qe6 19. Ng5 Qf5 20. Ne3 Qf6 21. Ne4 Qe6 22. c4 f6 23. cxb5 Rxb5 24. Kb1 Ra5 25. Qb3 Qxb3 26. axb3 Rb8 27. b4 Ra6 28. Nc4 Kf7 29. Kc2 Ne7 30. Ra1 Rxa1 31. Rxa1 a5 32. bxa5 Nd5 33. a6 f5 34. Ng5+ Kf6 35. a7 Ra8 36. Ra6 f4 37. Rxc6+ Kf5 38. Ne4 fxg3 39. fxg3 g6 40. Ra6 g5 41. hxg5 Kg4 42. b4 h4 43. gxh4 Kf3 44. b5 Ke2 45. b6 Bxb6 46. Bxb6 Rc8 47. a8=Q Nb4+ 48. Kb3 Rxa8 49. Rxa8 Nxd3 50. g6 Kf3 51. Ncd6 Nc1+ 52. Kc2 Ne2 53. Ra3+ Kg4 54. g7 Nf4 55. g8=Q+ Kxh4 56. Qg5# 1-0


[Site "https://www.chess.com"]

[Event "Titled Tuesday Blitz June 27 Early 2023"]
[White "Firouzja, Alireza"]
[Black "Yelisieiev, Yevhenii"]
[WhiteFideId "12573981"]
[BlackFideId "14139642"]
[WhiteElo "3120"]
[BlackElo "2532"]
[Result "1-0"]
[Round "2"]
[TimeControl "180+2"]
[Date "2023.06.27"]
[WhiteClock "0:01:39"]
[BlackClock "0:00:24"]
[Board "111"]

1. d4 d6 2. e4 Nf6 3. Nc3 e5 4. dxe5 dxe5 5. Qxd8+ Kxd8 6. Bc4 Ke8 7. f4 Bb4 8. Bd3 exf4 9. Bxf4 c6 10. Nf3 Nbd7 11. O-O-O Ng4 12. Rhf1 f6 13. Bc4 Nde5 14. Nxe5 fxe5 15. Bg5 Nf6 16. Rxf6 gxf6 17. Bxf6 Bg4 18. Bxh8 Bxc3 19. bxc3 Bxd1 20. Kxd1 Kd7 21. Bxe5 Re8 22. Bd4 Rxe4 23. Bd3 Rh4 24. h3 b6 25. Bf5+ Kd6 26. Bg4 Rh6 27. Kd2 c5 28. Be3 Rg6 29. c4 Ke5 30. Bf3 Rd6+ 31. Ke2 Rf6 32. g4 Rf7 33. g5 Re7 34. h4 Kf5 35. h5 Rd7 36. Kf2 Rf7 37. Bd5 Re7 38. Kf3 Re8 39. Bf7 Rd8 40. g6 hxg6 41. hxg6 Kf6 42. Bg5+ Kxg5 43. g7 Kf6 44. g8=Q Rxg8 45. Bxg8 Ke5 46. Ke3 a6 47. a4 Kf5 48. Bh7+ Ke5 49. Be4 Kf6 50. Kf4 Ke6 51. Bd5+ Kf6 52. Ke4 Ke7 53. Bb7 Ke6 54. Bxa6 1-0


[Site "https://www.chess.com"]

[Event "Titled Tuesday Blitz June 27 Early 2023"]
[White "Skuhala, Jernej"]
[Black "Pap, Gyula"]
[WhiteFideId "14605651"]
[BlackFideId "725323"]
[WhiteElo "2570"]
[BlackElo "2951"]
[Result "1-0"]
[Round "2"]
[TimeControl "180+2"]
[Date "2023.06.27"]
[WhiteClock "0:00:09"]
[BlackClock "0:00:00"]
[Board "112"]

1. e4 e5 2. Nf3 Nc6 3. Bb5 a6 4. Ba4 Nge7 5. O-O Ng6 6. c3 d5 7. exd5 Qxd5 8. d4 Bg4 9. Bxc6+ Qxc6 10. Nxe5 Nxe5 11. Qe1 O-O-O 12. Qxe5 Bd6 13. Qg5 h5 14. Qd2 Rde8 15. f3 Bf5 16. Na3 h4 17. Nc2 h3 18. g3 Bxg3 19. hxg3 h2+ 20. Kh1 Bxc2 21. Qxc2 Qxf3+ 22. Qg2 Qd3 23. Bf4 Re2 24. Rf2 Rhe8 25. Raf1 Rxf2 26. Qxf2 Qe4+ 27. Qg2 Qd3 28. Kxh2 Re2 29. Rf2 Re1 30. Qh3+ Kb8 31. Rg2 Qf1 32. g4 1-0


[Site "https://www.chess.com"]

[Event "Titled Tuesday Blitz June 27 Early 2023"]
[White "Eidelman, Gabriel"]
[Black "Bachmann, Axel"]
[WhiteFideId "30910544"]
[BlackFideId "3700488"]
[WhiteElo "2471"]
[BlackElo "2792"]
[Result "0-1"]
[Round "2"]
[TimeControl "180+2"]
[Date "2023.06.27"]
[WhiteClock "0:00:02"]
[BlackClock "0:01:17"]
[Board "113"]

1. Nf3 Nf6 2. c4 e6 3. Nc3 d5 4. e3 c5 5. cxd5 exd5 6. d4 Nc6 7. Bb5 cxd4 8. Nxd4 Bd7 9. O-O Bd6 10. Nf3 Bg4 11. h3 Be6 12. b3 O-O 13. Bb2 Rc8 14. Bd3 Bb8 15. a3 Qd7 16. Ng5 Qd6 17. g3 Ne5 18. Nxe6 Qxe6 19. Kg2 Rfd8 20. Ne2 Ne4 21. Nf4 Qh6 22. Qh5 Qxh5 23. Nxh5 Nxd3 24. Bxg7 Rc2 25. Bf6 Rd6 0-1


[Site "https://www.chess.com"]

[Event "Titled Tuesday Blitz June 27 Early 2023"]
[White "Sezdbekov, Ruslan"]
[Black "Zeman, Matyas"]
[WhiteFideId "13801856"]
[BlackFideId "364398"]
[WhiteElo "2791"]
[BlackElo "2472"]
[Result "1-0"]
[Round "2"]
[TimeControl "180+2"]
[Date "2023.06.27"]
[WhiteClock "0:00:41"]
[BlackClock "0:00:00"]
[Board "114"]

1. e4 e6 2. d4 d5 3. e5 c5 4. c3 Nc6 5. Nf3 Bd7 6. a3 c4 7. Nbd2 Na5 8. Rb1 Ne7 9. b4 cxb3 10. Nxb3 Ba4 11. Nfd2 Nec6 12. Qf3 Be7 13. Bd3 Rc8 14. O-O O-O 15. Qh3 g6 16. Nxa5 Nxa5 17. Bb2 Nc4 18. Nxc4 dxc4 19. Be4 Bc6 20. f3 Qa5 21. Qh6 Qa4 22. Rf2 b5 23. Bc1 a5 24. h4 b4 25. cxb4 axb4 26. axb4 c3 27. Bc2 Qb5 28. h5 Be8 29. Bg5 Bxg5 30. Qxg5 Qd5 31. b5 Qxd4 32. b6 Rb8 33. b7 Bc6 34. hxg6 fxg6 35. Rd1 1-0


[Site "https://www.chess.com"]

[Event "Titled Tuesday Blitz June 27 Early 2023"]
[White "Goltsev, Dmitry"]
[Black "Silva, Caio Henrique Angelico"]
[WhiteFideId "24176710"]
[BlackFideId "22777210"]
[WhiteElo "2730"]
[BlackElo "2465"]
[Result "1/2-1/2"]
[Round "2"]
[TimeControl "180+2"]
[Date "2023.06.27"]
[WhiteClock "0:00:17"]
[BlackClock "0:00:03"]
[Board "116"]

1. e4 c6 2. Nf3 d5 3. Nc3 Bg4 4. d4 e6 5. h3 Bxf3 6. Qxf3 Nf6 7. e5 Nfd7 8. Ne2 c5 9. c3 Nc6 10. Bd2 Qb6 11. Qd3 cxd4 12. cxd4 Be7 13. Bc3 f6 14. exf6 Bxf6 15. g3 e5 16. dxe5 Ndxe5 17. Qf5 O-O 18. Bg2 d4 19. Bd2 d3 20. Nf4 Nd4 21. Bd5+ Kh8 22. Qh5 Nc2+ 23. Kf1 Nxa1 24. Be4 h6 25. Ng6+ Kg8 26. Bxh6 gxh6 27. Qxh6 Bg7 28. Bd5+ Rf7 29. Bxf7+ Nxf7 30. Ne7+ Kf8 31. Ng6+ Kg8 32. Ne7+ Kf8 33. Ng6+ Kg8 1/2-1/2


[Site "https://www.chess.com"]

[Event "Titled Tuesday Blitz June 27 Early 2023"]
[White "FuenfgegenWilly"]
[Black "Atakhan, Abtin"]
[BlackFideId "22502203"]
[WhiteElo "2393"]
[BlackElo "2723"]
[Result "0-1"]
[Round "2"]
[TimeControl "180+2"]
[Date "2023.06.27"]
[WhiteClock "0:01:07"]
[BlackClock "0:00:27"]
[Board "117"]

1. d4 Nf6 2. c4 g6 3. Nc3 d5 4. cxd5 Nxd5 5. e4 Nxc3 6. bxc3 Bg7 7. Nf3 c5 8. Be3 Qa5 9. Qd2 O-O 10. O-O-O Bg4 11. h3 Bxf3 12. gxf3 Nc6 13. e5 cxd4 14. cxd4 Nb4 15. Kb1 Rac8 16. Bd3 Rfd8 17. Rc1 Qb6 18. Ka1 Nd5 19. Be4 Rxc1+ 20. Rxc1 h5 21. Qb2 Qa6 22. Qb3 e6 23. Qc4 Qa3 24. Bxd5 Rxd5 25. Qc8+ Kh7 26. Qxb7 a6 27. Qxf7 Rb5 28. Rc2 Qb4 0-1


[Site "https://www.chess.com"]

[Event "Titled Tuesday Blitz June 27 Early 2023"]
[White "LeoLV10"]
[Black "Fernandez Guillen, Ernesto J."]
[BlackFideId "3512428"]
[WhiteElo "2430"]
[BlackElo "2695"]
[Result "0-1"]
[Round "2"]
[TimeControl "180+2"]
[Date "2023.06.27"]
[WhiteClock "0:00:00"]
[BlackClock "0:00:17"]
[Board "118"]

1. e4 e5 2. Nf3 Nc6 3. Bb5 f5 4. d3 fxe4 5. dxe4 Nf6 6. Nc3 Bb4 7. O-O d6 8. Bg5 Bxc3 9. bxc3 Bg4 10. h3 Bh5 11. Re1 Qd7 12. Bxf6 gxf6 13. Nxe5 fxe5 14. Qxh5+ Qf7 15. Qxf7+ Kxf7 16. Bc4+ Kf6 17. Re3 Raf8 18. Rf1 h5 19. Kh2 h4 20. f4 exf4 21. Rxf4+ Ke5 22. Rg4 Rh7 23. Rf3 Rxf3 24. gxf3 Kf6 25. Rf4+ Ke7 26. Kg2 Ne5 27. Be2 a5 28. Kf2 a4 29. Rf5 a3 30. f4 Nc6 31. Bb5 Rg7 32. Bxc6 bxc6 33. Rh5 Rg3 34. Rh7+ Kd8 35. Rxh4 Rxc3 36. Rh8+ Kd7 37. Rh7+ Kc8 38. f5 Rxc2+ 39. Ke3 Rc1 40. Rg7 Kd8 41. Rg3 Rc2 42. Kf4 Rxa2 43. Kg5 Ke7 44. f6+ Kf7 45. h4 Ra1 46. h5 a2 47. Kh6 Rh1 0-1


[Site "https://www.chess.com"]

[Event "Titled Tuesday Blitz June 27 Early 2023"]
[White "Alahakoon, Isuru"]
[Black "Weishaeutel, Moritz"]
[WhiteFideId "9900993"]
[BlackFideId "12967300"]
[WhiteElo "2361"]
[BlackElo "2641"]
[Result "0-1"]
[Round "2"]
[TimeControl "180+2"]
[Date "2023.06.27"]
[WhiteClock "0:00:59"]
[BlackClock "0:00:29"]
[Board "119"]

1. Nf3 Nf6 2. d4 d5 3. c4 e6 4. Nc3 Be7 5. Bf4 O-O 6. e3 c5 7. cxd5 Nxd5 8. Bg3 Nc6 9. Qc2 cxd4 10. exd4 Ndb4 11. Qd2 Nxd4 12. Nxd4 Qxd4 13. O-O-O Qxd2+ 14. Rxd2 Bg5 15. f4 Bf6 16. Ne4 Be7 17. a3 Nd5 18. Bc4 b6 19. Bxd5 exd5 20. Rxd5 Bb7 21. Rd7 Rac8+ 22. Kd2 Rfd8 23. Rxd8+ Rxd8+ 24. Ke3 f5 25. Nc3 Bxg2 26. Rd1 Bc5+ 27. Ke2 Re8+ 28. Kd2 Rd8+ 29. Kc2 Rxd1 30. Kxd1 Kf7 31. Ke2 Ke6 32. Bf2 Bd6 33. Bd4 g6 34. Ke3 Bc6 35. b4 h6 36. b5 Bd7 37. a4 g5 38. fxg5 hxg5 39. a5 Bxh2 40. axb6 axb6 41. Bxb6 Bg1+ 0-1


[Site "https://www.chess.com"]

[Event "Titled Tuesday Blitz June 27 Early 2023"]
[White "Bauman_Guy"]
[Black "arenal72"]
[WhiteElo "2639"]
[BlackElo "2350"]
[Result "1-0"]
[Round "2"]
[TimeControl "180+2"]
[Date "2023.06.27"]
[WhiteClock "0:00:53"]
[BlackClock "0:00:01"]
[Board "120"]

1. e4 c6 2. d4 d5 3. e5 c5 4. dxc5 e6 5. Nf3 Bxc5 6. a3 Nc6 7. Bd3 a5 8. O-O Nge7 9. Nbd2 Qc7 10. Re1 Ng6 11. Nb3 Bb6 12. Qe2 a4 13. Nbd2 Nf4 14. Qf1 Nxd3 15. Qxd3 h6 16. c4 O-O 17. cxd5 exd5 18. Qxd5 Rd8 19. Qe4 Be6 20. Nc4 Nd4 21. Nxb6 Qxb6 22. Nxd4 Rxd4 23. Be3 Rxe4 24. Bxb6 Rxe1+ 25. Rxe1 Rc8 26. Bd4 b5 27. Bc3 Rd8 28. f3 Kh7 29. Kf2 Kg6 30. g4 h5 31. h3 Rd3 32. Re4 hxg4 33. hxg4 Kg5 34. Kg3 Bd5 35. Rf4 g6 36. Bb4 Kh6 37. Rf6 Rb3 38. Bc3 Be6 39. Rf4 Kg7 40. Rd4 Kf8 41. Kh4 Kg7 42. Kg5 Bc4 43. f4 Be6 44. f5 gxf5 45. gxf5 Bc4 46. e6 f6+ 47. Kf4 Kf8 48. Rd7 Be2 49. Rf7+ Ke8 50. Rxf6 b4 51. Bxb4 Rf3+ 52. Ke4 Kd8 53. Rf7 Rf1 54. f6 Bf3+ 55. Ke3 Bh5 56. Rd7+ Kc8 57. f7 Bxf7 58. Rxf7 Rxf7 59. exf7 1-0


[Site "https://www.chess.com"]

[Event "Titled Tuesday Blitz June 27 Early 2023"]
[White "Manukyan, Sargis V."]
[Black "Rodriguez Polo, Mateo"]
[WhiteFideId "13303465"]
[BlackFideId "24509396"]
[WhiteElo "2622"]
[BlackElo "2310"]
[Result "1-0"]
[Round "2"]
[TimeControl "180+2"]
[Date "2023.06.27"]
[WhiteClock "0:00:17"]
[BlackClock "0:00:01"]
[Board "121"]

1. d4 e6 2. Nf3 d5 3. c4 Nf6 4. Nc3 Be7 5. cxd5 exd5 6. Bg5 c6 7. e3 Bf5 8. Bd3 Bxd3 9. Qxd3 Nbd7 10. O-O h6 11. Bh4 O-O 12. Rab1 a5 13. a3 Ne4 14. Nxe4 Bxh4 15. Nd6 Rb8 16. b4 Be7 17. Nf5 axb4 18. axb4 Nb6 19. b5 Nc4 20. bxc6 g6 21. Nxh6+ Kg7 22. c7 Qxc7 23. Ng4 Nd6 24. Nge5 Ne4 25. Rfc1 Qd6 26. h3 Bf6 27. Rb5 Rfc8 28. Rxc8 Rxc8 29. Rxb7 Rc1+ 30. Kh2 Bxe5+ 31. dxe5 Qc6 32. Rb2 Rc3 33. Qd4 Rc4 34. Qd1 Rc1 35. Qb3 Rc3 36. Qb8 Qc8 37. Qb6 Rc1 38. e6 fxe6 39. Nd4 Rf1 40. Nxe6+ Kh6 41. f3 Qc1 42. fxe4 Rh1+ 43. Kg3 Qe1+ 44. Kf4 Rf1+ 45. Ke5 Qg3+ 46. Nf4 Qxe3 47. Qxg6# 1-0


[Site "https://www.chess.com"]